 Dungeon Crawl Stone Soup version 0.29-a0-555-g3b24f45cc1 (webtiles) character file.

Game seed: 1108535921137985784

10353 thriggle the Conjurer (level 11, -12/81 HPs)
             Began as a Human Conjurer on June 7, 2022.
             Was an Elder of Ignis.
             Mangled by a centaur warrior
             ... wielding a +0 club
              (22 damage)
             ... on level 11 of the Dungeon.
             The game lasted 01:09:07 (15331 turns).

thriggle the Conjurer (Human Conjurer)             Turns: 15331, Time: 01:09:08

Health: -12/81     AC: 13    Str: 12    XL:     11   Next: 91%
Magic:  1/19       EV: 13    Int: 22    God:    Ignis [****..]
Gold:   593        SH:  0    Dex: 12    Spells: 5/21 levels left

rFire   . . .      SeeInvis .   o - +5 quarterstaff (chaos)
rCold   + . .      Faith    .   (shield currently unavailable)
rNeg    . . .      Spirit   .   M - +1 troll leather armour
rPois   .          Reflect  .   (no helmet)
rElec   +          Harm     .   n - +1 cloak
rCorr   .          Rampage  .   T - +2 pair of gloves
Will    ++...                   J - +1 pair of boots
Stlth   +++.......              d - amulet of the acrobat
HPRegen 1.03/turn               R - ring "Xoin" {Ice Will+ Str+4}
MPRegen 0.16/turn               a - ring "Fainwi Kygu" {rElec Will+}

@: no status effects
A: hooves 1
a: Renounce Religion, Fiery Armour, Foxfire Swarm, Rising Flame


You were on level 11 of the Dungeon.
You worshipped Ignis.
Ignis was greatly pleased with you.
You visited 2 branches of the dungeon, and saw 13 of its levels.
You also visited: Ossuary.

You collected 593 gold pieces.

Inventory:

Hand Weapons
 i - a +0 spear
 o - a +5 quarterstaff of chaos (weapon)
 w - the +4 short sword of Unreason {vorpal, rPois rF- rN+++ Dex-4}
   (You found it on level 4 of the Dungeon)

   It inflicts extra damage upon your enemies.
   Dex:       It affects your dexterity (-4).
   rF:        It makes you vulnerable to fire.
   rPois:     It protects you from poison.
   rN:        It renders you almost immune to negative energy.
Missiles
 c - 403 stones
 e - 2 boomerangs of dispersal
 j - 2 throwing nets
 s - 3 curare-tipped darts
 t - 15 javelins
 y - 10 boomerangs
 G - 57 poisoned darts (quivered)
 L - 3 silver boomerangs
 U - 4 atropa-tipped darts
Armour
 g - a +3 leather armour
 n - a +1 cloak (worn)
 q - a +0 buckler
 v - a +0 kite shield
 J - a +1 pair of boots (worn)
 M - a +1 troll leather armour (worn)
 T - a +2 pair of gloves (worn)
Jewellery
 a - the ring "Fainwi Kygu" (right hand) {rElec Will+}
   (You acquired it on level 7 of the Dungeon)

   [ring of willpower]

   rElec:     It insulates you from electricity.
   Will:      It increases your willpower.
 d - an amulet of the acrobat (around neck)
 z - a ring of fire
 F - a ring of see invisible
 O - an amulet of reflection
 R - the ring "Xoin" (left hand) {Ice Will+ Str+4}
   (You found it on level 8 of the Dungeon)

   [ring of ice]

   It enhances your ice magic.
   Str:       It affects your strength (+4).
   rF:        It makes you vulnerable to fire.
   rC:        It protects you from cold.
   Will:      It increases your willpower.
Wands
 C - a wand of flame (49)
 K - a wand of iceblast (3)
 N - a wand of polymorph (1)
 Q - a wand of paralysis (10)
 S - a wand of digging (9)
Scrolls
 b - 5 scrolls of teleportation
 k - 3 scrolls of poison
 l - 5 scrolls of blinking
 B - a scroll of magic mapping
 E - 2 scrolls of vulnerability
 H - 3 scrolls of enchant weapon
 I - 3 scrolls of amnesia
Potions
 f - a potion of brilliance
 h - 3 potions of cancellation
 m - 2 potions of might
 p - 4 potions of curing
 r - 3 potions of haste
 u - a potion of heal wounds
 x - 3 potions of mutation
 A - 4 potions of flight
 D - 4 potions of attraction
Miscellaneous
 P - a box of beasts


   Skills:
 + Level 5.6 Fighting
 - Level 1.1(3.5) Polearms
 + Level 5.4(5.5) Staves
 + Level 5.3 Throwing
 + Level 4.7 Armour
 + Level 6.3 Dodging
 + Level 6.9 Stealth
 + Level 5.8 Spellcasting
 + Level 7.2 Conjurations
 + Level 5.6 Hexes
 + Level 4.7 Evocations


You had 5 spell levels left.
You knew the following spells:

 Your Spells              Type           Power      Damage    Failure   Level
a - Magic Dart            Conj           100%       1d8       1%          1
b - Searing Ray           Conj           76%        2d7       1%          2
c - Dazzling Flash        Conj/Hex       68%        N/A       2%          3
d - Confusing Touch       Hex            31%        N/A       3%          3
e - Slow                  Hex            100%       N/A       1%          1
f - Poisonous Vapours     Pois/Air       12%        N/A       19%         2
g - Fulminant Prism       Conj/Hex       17%        3d11      9%          4

Your spell library contained the following spells:

 Spells                   Type           Power      Damage    Failure   Level
 Sting                    Tmut/Pois      24%        1d4       12%         1
 Iskenderun's Mystic Bla  Conj/Tloc      22%        2d6       26%         4
 Gell's Gravitas          Tloc           6%         N/A       34%         3
 Teleport Other           Tloc           6%         N/A       34%         3
 Vampiric Draining        Necr           6%         2d6       34%         3
 Summon Mana Viper        Hex/Summ       18%        N/A       71%         5
 Animate Armour           Summ/Erth      12%        N/A       75%         4
 Olgreb's Toxic Radiance  Pois           6%         N/A       75%         4
 Summon Ice Beast         Ice/Summ       9%         N/A       75%         4
 Summon Lightning Spire   Summ/Air       6%         N/A       75%         4
 Blade Hands              Tmut           3%         N/A       97%         5
 Iron Shot                Conj/Erth      11%        9d3       99%         6
 Dispersal                Tloc           3%         N/A       100%        6
 Monstrous Menagerie      Summ           3%         N/A       100%        7
 Storm Form               Tmut/Air       3%         N/A       100%        7
 Maxwell's Capacitive Co  Air            3%         ∞         100%        8


Dungeon Overview and Level Annotations

Branches:
Dungeon (12/15)            Temple (0/1) D:5            Lair (1/6) D:10
    Orc (0/2) D:10        Ossuary (visited)

Altars:
Okawaru
Sif Muna
Beogh
Ignis

Shops:
D:2 !   D:4 =   D:7 *   D:9 =   D:11 :


Innate Abilities, Weirdness & Mutations

You have large cloven feet.


Message History

The centaur warrior shoots an arrow.
The arrow hits you!!
The centaur warrior shoots an arrow.
The arrow closely misses you.
Casting: Searing Ray (safe; 1% risk of failure)
Confirm with . or Enter, or press ? or * to list all spells.
Aiming: Searing Ray (safe; 1% risk of failure)
Press: ? - help, Shift-Dir - straight line, f - centaur warrior
Aim: a centaur warrior, wielding a +0 longbow (moderately wounded, 86% to hit)
The searing ray hits the centaur warrior.
The centaur warrior is moderately wounded. (Press . to maintain the ray.)
The centaur warrior shoots an arrow.
The arrow hits you.
The searing ray hits the centaur warrior.
The centaur warrior is moderately wounded.
The centaur warrior shoots an arrow.
The arrow closely misses you.
The searing ray hits the centaur warrior.
The centaur warrior is heavily wounded.
The centaur warrior shoots an arrow.
The arrow completely misses you.
The centaur warrior unwields a +0 longbow.
The centaur warrior wields a +0 club.
The centaur warrior hits you with a +0 club!
The centaur warrior kicks you.
You thump the centaur warrior! You freeze the centaur warrior.
The centaur warrior is heavily wounded.
The centaur warrior hits you with a +0 club.
The centaur warrior misses you.
The centaur warrior hits you but does no damage.
The centaur warrior kicks you but does no damage.
You sock the centaur warrior!
The centaur warrior seems to grow stronger.
The centaur warrior is severely wounded.
The centaur warrior hits you with a +0 club!
* * * LOW HITPOINT WARNING * * *
The centaur warrior barely misses you.
You hit the centaur warrior. You burn the centaur warrior.
The centaur warrior is severely wounded.
The centaur warrior hits you with a +0 club!
* * * LOW HITPOINT WARNING * * *
The centaur warrior kicks you but does no damage.
The centaur warrior hits you with a +0 club!!
You die...

#####................#.##........
.........###########...###.......
#####..#.# #.### ######## #..#.#
#.# ####..#.# #.# #.....#.# #.#
#.##.##.# #.#
#.##.##.###########.#
#.##...........@c...#
#.##..#######.####### ######
#......[..# #.# #....>
#########.# #.# #.#### #.# #.#
########⌠.⌠## #.# #.#
#.....##.∩..# #.# #.#
#.###.##⌠.⌠.# ##### #.# #.# #.#
#........ ##...###.# #.# #.#
####.##..


You could see a centaur warrior (strong).

Vanquished Creatures
  A cyclops (D:11)
  An ugly thing (D:11)
  A black mamba (D:10)
  A black mamba (shapeshifter) (D:9)
  A cane toad (D:10)
  An unseen horror (D:10)
  3 trolls
  A shadow (D:9)
  A wraith (Ossuary)
  10 yaks
  2 humans (D:7)
  Menkaure (D:6)
  2 wargs (D:10)
  A warg (shapeshifter) (D:12)
  3 water moccasins
  A floating eye (shapeshifter) (D:8)
  A black bear (D:7)
  4 orc warriors
  2 sky beasts
  2 ogres
  6 centaurs
  3 phantoms (D:6)
  3 kobold brigands
  4 scorpions
  2 bullfrogs
  5 necrophages
  A gnoll sergeant (D:9)
  12 wights
  10 killer bees
  3 howler monkeys
  4 hounds
  A jelly (D:4)
  Crazy Yiuf (D:2)
  6 orc priests
  2 gnoll shamans (D:7)
  Terence (D:2)
  An iguana (D:6)
  14 orc wizards
  A mummy (Ossuary)
  Robin (D:2)
  15 gnolls
  6 adders
  2 white imps
  An ufetubus (D:6)
  2 worms (D:2)
  2 dart slugs
  28 orcs
  6 endoplasms
  2 giant cockroaches
  12 goblins
  16 hobgoblins
  4 quokkas
  6 ball pythons
  5 bats
  6 frilled lizards
  4 gnoll skeletons (Ossuary)
  25 kobolds
  7 kobold skeletons (Ossuary)
  14 orc skeletons (Ossuary)
  4 rats
288 creatures vanquished.

Vanquished Creatures (others)
  An orc (D:10)
  5 fulminant prisms
  3 fungi
  8 plants
17 creatures vanquished.

Grand Total: 305 creatures vanquished

Notes
Turn   | Place    | Note
-------+----------+-------------------------------------------
     0 | D:1      | thriggle the Human Conjurer began the quest for the Orb.
     0 | D:1      | Reached XP level 1. HP: 13/13 MP: 3/3
   347 | D:1      | Reached XP level 2. HP: 19/19 MP: 0/5
   403 | D:1      | Learned a level 2 spell: Searing Ray
  1312 | D:2      | Reached XP level 3. HP: 25/25 MP: 1/6
  1316 | D:2      | Learned a level 3 spell: Dazzling Flash
  1504 | D:2      | Found a runed translucent door.
  1505 | D:2      | Noticed Crazy Yiuf
  1513 | D:2      | Killed Crazy Yiuf
  1514 | D:2      | Reached skill level 1 in Fighting
  1514 | D:2      | Reached XP level 4. HP: 32/32 MP: 0/7
  1705 | D:2      | Noticed Terence
  1727 | D:2      | Killed Terence
  1728 | D:2      | Reached skill level 1 in Polearms
  1841 | D:2      | Reached XP level 5. HP: 37/37 MP: 4/8
  1841 | D:2      | Found Sutof's Distillery.
  2048 | D:2      | Noticed Robin
  2054 | D:2      | Reached skill level 1 in Hexes
  2057 | D:2      | Killed Robin
  3067 | D:3      | Found a faded altar of an unknown god.
  3072 | D:3      | Prayed at the altar of an unknown god.
  3072 | D:3      | Became a worshipper of Ignis, the Dying Flame
  3326 | D:4      | Reached skill level 1 in Staves
  3326 | D:4      | Reached XP level 6. HP: 34/44 MP: 2/10
  3627 | D:4      | Found Plog's Jewellery Boutique.
  4024 | D:4      | Identified the +4 short sword of Unreason {vorpal, rPois
                  | rF- rN+++ Dex-4}
  4186 | D:4      | Reached XP level 7. HP: 50/50 MP: 1/11
  4354 | D:4      | Reached skill level 1 in Throwing
  4501 | D:5      | Entered Level 5 of the Dungeon
  4677 | D:5      | Reached skill level 5 in Conjurations
  4677 | D:5      | Reached XP level 8. HP: 57/57 MP: 3/13
  5037 | D:5      | Found a staircase to the Ecumenical Temple.
  5620 | D:5      | Learned a level 3 spell: Confusing Touch
  5789 | D:6      | Noticed Menkaure
  6037 | D:6      | Learned a level 1 spell: Slow
  6193 | D:6      | Reached skill level 1 in Armour
  6387 | D:6      | Reached skill level 1 in Evocations
  6421 | D:6      | Killed Menkaure
  6422 | D:6      | Reached XP level 9. HP: 18/64 MP: 8/14
  7051 | D:6      | Found a shimmering blue altar of Sif Muna.
  7460 | D:7      | Identified a scroll of acquirement
  7460 | D:7      | Acquired the ring "Fainwi Kygu" {rElec Will+}
  7567 | D:7      | Found a sand-covered staircase.
  7586 | Ossuary  | Entered an ossuary
  8020 | Ossuary  | Reached skill level 5 in Stealth
  8273 | D:7      | Found Uxziar's Assorted Antiques.
  8874 | D:7      | Found an iron altar of Okawaru.
  8891 | D:7      | Reached skill level 6 in Conjurations
  8891 | D:7      | Reached XP level 10. HP: 38/71 MP: 3/16
  9253 | D:7      | Gained mutation: You have large cloven feet. [potion of
                  | mutation]
  9428 | D:7      | Reached skill level 5 in Dodging
 10026 | D:8      | Identified the ring "Xoin" {Ice Will+ Str+4}
 10365 | D:8      | Noticed a glowing shapeshifter
 10365 | D:8      | an orc warrior changed into a glowing shapeshifter
 10365 | D:8      | a glowing shapeshifter changed into a floating eye
 10464 | D:8      | You fall into a shaft and drop 2 floors!
 10464 | D:10     | Entered Level 10 of the Dungeon
 11062 | D:9      | Found Iwiak's Jewellery Shoppe.
 11081 | D:9      | Noticed a black mamba
 11087 | D:9      | Killed a black mamba
 11321 | D:9      | Reached skill level 5 in Spellcasting
 12154 | D:9      | Reached XP level 11. HP: 62/78 MP: 0/18
 12836 | D:10     | Reached skill level 5 in Fighting
 12843 | D:10     | Reached skill level 5 in Hexes
 12855 | D:10     | HP: 2/79 [yak (16)]
 13375 | D:10     | Reached skill level 5 in Staves
 13384 | D:10     | Found a staircase to the Lair.
 13519 | D:10     | Found a staircase to the Orcish Mines.
 13813 | D:10     | Reached skill level 5 in Throwing
 14074 | D:10     | Learned a level 2 spell: Poisonous Vapours
 14215 | Lair:1   | Entered Level 1 of the Lair of Beasts
 14258 | D:10     | HP: 2/77 [cane toad (10)]
 14261 | D:10     | Reached skill level 7 in Conjurations
 14357 | D:11     | Noticed a cyclops
 14380 | D:11     | Killed a cyclops
 14436 | D:11     | Noticed a red ugly thing
 14457 | D:11     | Killed a red ugly thing
 14565 | D:11     | Learned a level 4 spell: Fulminant Prism
 14716 | D:11     | Found Noatz's Book Shoppe.
 15315 | D:12     | Noticed a centaur warrior
 15317 | D:12     | Noticed a deep elf pyromancer
 15331 | D:11     | Mangled by a centaur warrior

Illustrated notes

Levels and vault maps discovered:
D:1:      eino_arrival_druids_welcome, layout_loops_cross, serial_bayou_pond_c,
          chequers_big_river, serial_park_tiny_1, chequers_serial_rivers_marsh
D:2:      layout_basic, serial_shops, nicolae_shop_stone, minmay_misc_feat_rows,
          minmay_cut_off, uniq_crazy_yiuf_cottage, uniq_terence, uniq_robin
D:3:      kennysheep_big_flooded_room, layout_rooms, basic_ecumenical_altar,
          minmay_misc_feat_iff, hangedman_decor_growths
D:4:      layout_layer_cave, serial_shops, nicolae_shop_advertising_works
          [nicolae_subvault_shop_adworks]
D:5:      layout_basic, minmay_temple_entry_hall
D:6:      layout_basic, old_standard_altar, uniq_menkaure
D:7:      corexii_shack_village, layout_loops_cross, okawaru_humans,
          nicolae_ossuary_entry_monument, serial_shops,
          nicolae_shop_hallway_plus, kennysheep_generic_room_12
D:8:      layout_layer_cave, item_on_display_a
D:9:      minmay_inner_zag, layout_stronghold, serial_shops, shop,
          lightli_fourway_metalbox
D:10:     layout_cave_pools, erik_lair_orcish_takeover,
          minmay_orc_entry_temple_small
D:11:     layout_loops_ring, serial_shops, shop_fountains,
          kennysheep_decorative_pillar
D:12:     minmay_the_grid_octo_tiled_octocenter_mashed
          [minmay_the_grid_octo_focus, minmay_the_grid_octo_teeth,
          minmay_the_grid_octo_shrine, minmay_the_grid_octo_clover_2,
          minmay_the_grid_octo_prize_square_snowflake,
          minmay_the_grid_square_5x5_intrusive_squares,
          minmay_the_grid_square_5x5_two_small,
          minmay_the_grid_square_5x5_minivault,
          minmay_the_grid_square_5x5_almost_minimal], layout_stronghold
Lair:1:   layout_chaotic_city, portal_ice_cave_entry_pillars_1

Skill      XL: |  1  2  3  4  5  6  7  8  9 10 11 |
---------------+----------------------------------+-----
Fighting       | 1 2 3 4 5 |  5.6
Polearms       | 1 |  1.1
Hexes          | 1 2 3 4 5 |  5.6
Stealth        | 3 4 5 6 |  6.9
Staves         | 1 2 3 4 5 |  5.4
Dodging        | 3 4 5 6 |  6.3
Spellcasting   | 3 4 5 |  5.8
Throwing       | 1 2 3 4 5 |  5.3
Conjurations   | 5 6 7 |  7.2
Armour         | 1 2 3 4 |  4.7
Evocations     | 1 2 3 4 |  4.7

Action                   |  1- 3 |  4- 6 |  7- 9 | 10-12 || total
-------------------------+-------+-------+-------+-------++-------
Melee: Unarmed           |     1 |       |       |       ||     1
       Spear             |     3 |       |       |       ||     3
       Quarterstaff      |       |    83 |    65 |   207 ||   355
Throw: Stone             |       |       |     4 |       ||     4
       Dart              |       |       |     1 |    15 ||    16
       Boomerang         |       |       |       |     2 ||     2
 Cast: Magic Dart        |    15 |    10 |    33 |    24 ||    82
       Searing Ray       |    14 |    23 |    52 |    58 ||   147
       Slow              |       |       |    22 |    48 ||    70
       Dazzling Flash    |       |       |     1 |     8 ||     9
       Confusing Touch   |       |       |       |     6 ||     6
       Fulminant Prism   |       |       |       |     5 ||     5
       Poisonous Vapours |       |       |       |     1 ||     1
Invok: Fiery Armour      |       |       |       |     3 ||     3
  Use: Scroll            |     2 |     3 |     6 |     9 ||    20
       Potion            |       |     6 |     2 |     5 ||    13
 Stab: Sleeping          |       |     5 |     2 |     3 ||    10
       Distracted        |       |       |     1 |       ||     1
       Confused          |       |       |       |     5 ||     5
       Invisible         |       |       |       |     1 ||     1
Armor: Leather armour    |       |    46 |    37 |   109 ||   192
       Troll leather arm |       |       |       |    34 ||    34
Dodge: Dodged            |     7 |   101 |   103 |   322 ||   533

Table legend: (Time is in decaauts)
 A = Elapsed time spent in this place.
 B = Non-inter-level travel time spent in this place.
 C = Inter-level travel time spent in this place.
 D = Time resting spent in this place.
 E = Time spent auto-exploring this place.
 F = Levels seen in this place.
 G = Mean time per level.
                   A        B        C        D        E       F      G
               +--------+--------+--------+--------+--------+-----+--------+
         Total |  15375 |  15002 |    373 |   3469 |   6883 |  14 | 1098.2 |
       Dungeon |  14749 |  14376 |    373 |   3189 |   6883 |  12 | 1229.1 |
          Lair |     29 |     29 |      0 |      0 |      0 |   1 |   29.0 |
       Ossuary |    596 |    596 |      0 |    280 |      0 |   1 |  596.0 |
               +--------+--------+--------+--------+--------+-----+--------+

Top non-repeatable levels by time:
     D:6: 1864 daAuts
     D:9: 1848 daAuts
    D:10: 1765 daAuts
     D:7: 1365 daAuts
     D:2: 1350 daAuts
     D:1: 1330 daAuts
     D:4: 1212 daAuts
     D:8: 1179 daAuts
     D:5: 1158 daAuts
    D:11: 970 daAuts
     D:3: 630 daAuts
 Ossuary: 596 daAuts
    D:12: 71 daAuts
  Lair:1: 29 daAuts
